 Dungeon Crawl Stone Soup version 0.23.2-33-g5129a83184 (webtiles) character file.

Game seed: 3631636920209473250

342 SanSoy the Ducker (level 6, -1/50 HPs)
             Began as a Demonspawn Gladiator on Aug 4, 2019.
             Slain by a phantom (7 damage)
             ... on level 4 of the Dungeon.
             The game lasted 00:16:59 (4663 turns).

SanSoy the Ducker (Demonspawn Gladiator)            Turns: 4663, Time: 00:17:00

Health: -1/50      AC:  4    Str: 16    XL:     6   Next: 30%
Magic:  6/6        EV: 14    Int: 10    God:
Gold:   351        SH:  0    Dex: 14    Spells: 5/5 levels left

rFire    + . .     SeeInvis .   m - +1 rapier
rCold    . . .     Gourm    .   (no shield)
rNeg     . . .     Faith    .   b - +0 leather armour
rPois    .         Spirit   .   c - +0 helmet
rElec    .         Reflect  .   (no cloak)
rCorr    .         Harm     .   (no gloves)
MR       .....                  (no boots)
Stlth    +.........             (no amulet)
HPRegen  0.16/turn              t - ring of protection from fire
MPRegen  0.10/turn              (no ring)

@: about to teleport
A: talons 1, demonic guardian 1
a: no special abilities


You were on level 4 of the Dungeon.
You were not hungry.

You visited 1 branch of the dungeon, and saw 4 of its levels.

You collected 351 gold pieces.

Inventory:

Hand Weapons
 a - a +0 long sword
 m - a +1 rapier (weapon)
 r - a +1 whip of flaming
Missiles
 d - 4 throwing nets (quivered)
 o - 7 needles of frenzy
 p - 4 exploding tomahawks
Armour
 b - a +0 leather armour (worn)
 c - a +0 helmet (worn)
 e - a +0 chain mail
 l - a +0 scale mail
Jewellery
 t - a ring of protection from fire (left hand)
Scrolls
 g - a scroll of identify
 j - 2 scrolls of remove curse
 k - 2 scrolls of teleportation
Potions
 h - 4 potions of curing
 i - a potion of lignification
 n - 2 potions of heal wounds {unknown}
 q - a potion of might
 s - 2 potions of mutation {unknown}
Comestibles
 f - 8 rations


   Skills:
 + Level 4.9 Fighting
 - Level 2.6 Long Blades
 - Level 1.7 Throwing
 + Level 4.9 Dodging


You had 5 spell levels left.
You didn't know any spells.
Your spell library was empty.

Dungeon Overview and Level Annotations

Branches:
Dungeon (4/15)
 Temple: D:4-7

Altars:
Wu Jian

Shops:
D:4 ?


Innate Abilities, Weirdness & Mutations

You have sharp toenails.
A weak demonic guardian rushes to your aid.


Message History

The orc wizard completely misses you.
As you read the scroll of teleportation, it crumbles to dust.
You feel strangely unstable.
The orc wizard casts a spell.
The orc wizard flickers and vanishes!
Deactivating autopickup; reactivate with Ctrl-A.
The phantom hits you.
* * * LOW HITPOINT WARNING * * *
You hit the phantom.
The phantom is severely damaged.
Something hits you but does no damage. The phantom closely misses you.
Something hits you but does no damage.
You hit the phantom.
The phantom is almost destroyed.
You hear some strange, mumbled words.
A puff of flame appears from out of thin air!
The puff of flame hits you. You resist.
* * * LOW HITPOINT WARNING * * *
The phantom hits you!
You die...

#.################
#..............^.#
################.#
............>#.#.#
#...#..#######.#.#
#.#.#..........#.#
#.#....#######.#.#
#......# #.#W#
######.# #.#@# #.#
#.#{# ######.#
#.#o# ....##.#
#.#.# ....##.#
#.#.# ....##.#
#.#.#
##..##.#######.#.#
.............>.#.#
.##.##.#########.#


You could see a phantom and an orc.

Vanquished Creatures
  An orc priest (D:4)
  An orc wizard (D:4)
  3 worker ants (D:4)
  4 adders
  3 gnolls (D:4)
  3 worms
  2 dart slugs (D:1)
  3 leopard geckos
  8 orcs (D:4)
  7 bats
  8 giant cockroaches
  13 goblins
  12 hobgoblins
  10 jackals
  A quokka (D:2)
  4 frilled lizards
  13 rats
96 creatures vanquished.

Vanquished Creatures (collateral kills)
  A crimson imp (D:4)
  An orc wizard (D:3)
  2 orcs (D:3)
  A jackal (D:4)
5 creatures vanquished.

Grand Total: 101 creatures vanquished

Notes
Turn   | Place    | Note
-------+----------+-------------------------------------------
     0 | D:1      | SanSoy the Demonspawn Gladiator began the quest for the
                  | Orb.
     0 | D:1      | Reached XP level 1. HP: 16/16 MP: 1/1
    74 | D:1      | Gained mutation: A weak demonic guardian rushes to your
                  | aid. [demonic ancestry]
    74 | D:1      | Reached XP level 2. HP: 23/23 MP: 2/2
   564 | D:1      | Reached XP level 3. HP: 28/28 MP: 3/3
  1394 | D:2      | Gained mutation: You have sharp toenails. [demonic
                  | ancestry]
  1394 | D:2      | Reached XP level 4. HP: 31/35 MP: 4/4
  1726 | D:2      | Found an ornate altar of the Wu Jian Council.
  2474 | D:3      | Reached XP level 5. HP: 29/42 MP: 5/5
  4181 | D:4      | Reached XP level 6. HP: 39/49 MP: 6/6
  4392 | D:4      | Found Bucedaru's Magic Scroll Boutique.
  4663 | D:4      | Slain by a phantom

Skill      XL: |  1  2  3  4  5 |
---------------+----------------+-----
Dodging        | 3 4 |  4.9
Fighting       | 3 4 |  4.9
Long Blades    | |  2.6
Throwing       | |  1.7

Action                   |  1- 3 |  4- 6 || total
-------------------------+-------+-------++-------
Melee: Long sword        |   113 |    38 ||   151
       Rapier            |       |   157 ||   157
       Kick              |       |    54 ||    54
       Whip              |       |    17 ||    17
  Use: Scroll            |     5 |     5 ||    10
       Potion            |       |     1 ||     1
 Stab: Sleeping          |       |     2 ||     2
  Eat: Chunk             |     2 |    10 ||    12
Armor: Leather armour    |    33 |    68 ||   101
Dodge: Dodged            |   100 |   197 ||   297
       Rpst.: Long sword |    37 |    21 ||    58
